Map: Catalyst LE

Players

EviL

  • Race: Protoss Protoss
  • League: Master
  • Spawn Location: 5:00

FLORENCIO - Winner!

  • Race: Protoss Protoss
  • League: Master
  • Spawn Location: 11:00

VOD

Have the link to the VOD?

Description

Time

  • Played on: July 10, 2018, 5:30 p.m.
  • Length: 13:27
Show
View Real Time Build Order
Export as new Build Order

EviL Protoss 

Build Orders:  

Get SALT Encoding   

  12  0:00  Probe  
  13  0:13  Probe  
  14  0:17  Pylon  
  14  0:24  Probe  
  15  0:32  Probe  
  15  0:40  Gateway, Probe  
  16  0:46  Assimilator  
  17  0:51  Probe  
  17  0:57  Assimilator  
  18  1:03  Probe  
  19  1:08  Gateway  
  19  1:15  Probe  
  20  1:26  Zealot  
  22  1:36  Cybernetics Core, Pylon  
  22  1:49  Zealot  
  24  2:25  Pylon  
  20  2:36  Probe  
  21  2:43  Stargate  
  21  2:48  Probe  
  20  3:00  Probe  
  21  3:12  Probe  
  20  3:29  Void Ray  
  12  4:01  Void Ray  
Show
View Real Time Build Order
Export as new Build Order

FLORENCIO Protoss - Winner!

Build Orders: Cannon Rush 

Get SALT Encoding   

  1  0:00  Probe  
  13  0:07  Probe  
  14  0:15  Probe  
  15  0:24  Pylon  
  15  0:42  Probe  
  16  0:43  Forge  
  16  0:50  Gateway  
  16  0:54  Probe  
  17  1:06  Probe  
  18  1:11  Pylon  
  18  1:24  Pylon  
  18  1:25  Pylon  
  18  1:26  Pylon  
  18  1:42  Photon Cannon  
  18  1:46  Photon Cannon  
  18  1:48  Gateway  
  18  1:59  Photon Cannon  
  18  2:09  Photon Cannon  
  18  2:14  Pylon  
  17  2:24  Gateway  
  17  2:27  Zealot  
  17  2:32  Photon Cannon  
  19  2:47  Zealot  
  19  2:51  Zealot  
  21  2:55  Photon Cannon  
  23  3:00  Pylon  
  23  3:10  Zealot  
  21  3:19  Probe  
  24  3:32  Probe  
  23  3:48  Zealot  
  23  4:05  Assimilator  
  23  4:08  Assimilator  
  23  4:12  Pylon  
  23  4:18  Cybernetics Core  
  19  4:24  Nexus  
  19  4:26  Pylon  
  19  5:45  Photon Cannon  
  19  5:55  Photon Cannon  
  19  6:06  Photon Cannon  
  19  6:15  Photon Cannon  
  19  6:25  Photon Cannon  
  19  6:38  Forge  
  19  6:51  Pylon  
  19  7:10  Nexus  
  19  8:39  Pylon  
  19  8:43  Pylon  
  19  8:52  Zealot  
  19  9:15  Nexus  
  18  9:21  Pylon  
  15  10:35  Photon Cannon  
  15  10:51  Photon Cannon  
  15  11:10  Photon Cannon  
  15  11:23  Probe  
  15  11:24  Assimilator  
  16  11:48  Cybernetics Core  
  16  12:00  Photon Cannon  
  16  12:20  Photon Cannon  
  14  13:03  Assimilator, Probe  
  14  13:19  Gateway  
Tags
 
Matchup
PvP
Spawn Locations
Cross Positions
Add a new tag
Caveats
  • Supply blocks, unpowered buildings, or Contaminate may cause inaccurate times.
  • Supply counts are checked every 10 seconds.